 Dungeon Crawl Stone Soup version 0.27.1-33-g824d729ab1 (console) character file.

Game seed: 12985842796870285073

172 Banquo the Chopper (level 5, -4/40 HPs)
             Began as a Djinni Berserker on Dec 16, 2021.
             Was a Believer of Trog.
             Slain by a scorpion (7 damage)
             ... on level 4 of the Dungeon.
             The game lasted 00:07:52 (4188 turns).

Banquo the Chopper (Djinni Berserker)               Turns: 4188, Time: 00:07:53

Health: -4/40      AC: 10    Str: 17    XL:     5   Next: 83%
Gold:   224        EV:  7    Int:  8    God:    Trog [**....] SH:  3 Dex: 13

rFire    + + .     SeeInvis .   a - +0 hand axe
rCold    x . .     Faith    .   n - +0 buckler
rNeg     . . .     Spirit   .   m - +0 chain mail
rPois    ∞         Reflect  .   (no helmet)
rElec    .         Harm     .   (no cloak)
rCorr    .         Rampage  .   q - +0 pair of gloves
Will     .....                  (boots unavailable)
Stlth    ..........             (no amulet)
HPRegen  0.13/turn              (no ring)
MPRegen  0.00/turn              (no ring)

@: on berserk cooldown, flying, slowed, very slow
A: sickness immunity, fire resistance 2, cold vulnerability 1, float, innate
caster, hp casting, extra vitality 1
a: Renounce Religion, Berserk, Trog's Hand


You were on level 4 of the Dungeon.
You worshipped Trog.
Trog was pleased with you.
You visited 1 branch of the dungeon, and saw 4 of its levels.

You collected 224 gold pieces.

Inventory:

Hand Weapons
 a - a +0 hand axe (weapon)
 k - a +0 spear
 p - a +0 hand axe
 A - a +0 spear
 C - a +0 flail
Missiles
 c - 96 stones (quivered)
 h - 35 poisoned darts
 l - 8 javelins
 B - a throwing net
Armour
 b - a +0 animal skin
 g - a +0 ring mail
 m - a +0 chain mail (worn)
 n - a +0 buckler (worn)
 q - a +0 pair of gloves (worn)
Jewellery
 y - a ring of resist corrosion
Wands
 o - a wand of charming (5)
 t - a wand of flame (11)
Scrolls
 e - 5 scrolls of identify {unknown}
 f - a scroll of amnesia {unknown}
 j - a scroll of fear {unknown}
 r - a scroll of summoning {unknown}
 s - a scroll of noise {unknown}
 w - a scroll of teleportation {unknown}
Potions
 d - 3 potions of might {unknown}
 i - 2 potions of curing {unknown}
 u - a potion of degeneration {unknown}
 v - a potion of magic {unknown}
 x - a potion of lignification {unknown}
 z - a potion of haste {unknown}


   Skills:
 + Level 3.3 Fighting
 * Level 4.0 Axes
 * Level 3.3 Armour
 + Level 2.6 Dodging


You had one spell level left.
You knew the following spells:

 Your Spells              Type           Power      Damage    Failure   Level
a - Magic Dart            Conj           0%         1d3       100%        1
b - Passwall              Tmut/Erth      0%         N/A       100%        2
Your spell library was empty.


Dungeon Overview and Level Annotations

Branches:
Dungeon (4/15)
 Temple: D:4-7

Altars:
Nemelex Xobeh

Shops:
D:2 [


Innate Abilities, Weirdness & Mutations

You are immune to sickness and miasma.
You are immune to poison.
Your flesh is very heat resistant. (rF++)
You are vulnerable to cold. (rC-)
You float through the air rather than walking.
You learn spells naturally, not from books.
Your magical power is your life essence.
You have superior vitality. (+4 HP)


Message History

You start resting.
A scorpion comes into view.
You hit the scorpion but do no damage. The scorpion stings you.
The scorpion stings you but does no damage.
Your chain mail prevents you from hitting the scorpion.
The scorpion closely misses you. The scorpion stings you.
You closely miss the scorpion. The scorpion closely misses you.
The scorpion stings you.
You hit the scorpion but do no damage. The scorpion stings you.
The scorpion stings you but does no damage.
You hit the scorpion but do no damage. The scorpion barely misses you. x2
You hit the scorpion.
The scorpion is lightly wounded.
The scorpion stings you but does no damage.
The scorpion stings you.
You hit the scorpion.
The scorpion is moderately wounded.
You block the scorpion's attack.
The scorpion stings you but does no damage.
You closely miss the scorpion.
The scorpion is moderately wounded.
The scorpion stings you!
* * * LOW HITPOINT WARNING * * *
The scorpion stings you.
* * * LOW HITPOINT WARNING * * *
You hit the scorpion but do no damage.
The scorpion is moderately wounded.
The scorpion stings you but does no damage.
You block the scorpion's attack.
The scorpion stings you but does no damage.
You hit the scorpion but do no damage.
The scorpion is moderately wounded.
The scorpion stings you.
* * * LOW HITPOINT WARNING * * *
The scorpion stings you but does no damage.
You hit the scorpion.
The scorpion is moderately wounded.
The scorpion stings you but does no damage. x2
The scorpion stings you!
You die...

##..###.................##
#...####..................
##...##..................#
###.##....##.............
##.#...#####....###.....
###..##..### ...#####.....
##.##...)...##....# #......
##...#...)†.........###...[.
#....#.####@##..............
#.).#.# #s.# #.......#...
##...g.# #.## ..#......
####...g..## #.. ####.....
##.....g.........# ##....
##.....o###...<..## ###...
#......## ##......
..###..... ##......# ......
.......... #......# ......
..........


You could see a scorpion.

Vanquished Creatures
  A bullfrog skeleton (D:4)
  3 adders
  3 gnolls (D:4)
  2 worms
  2 dart slugs (D:2)
  2 orcs (D:4)
  5 bats
  7 endoplasms
  4 giant cockroaches
  7 goblins
  7 hobgoblins
  10 jackals
  2 quokkas
  5 ball pythons
  3 frilled lizards
  7 kobolds
  3 rats
73 creatures vanquished.

Vanquished Creatures (others)
  A plant (D:2)
1 creature vanquished.

Grand Total: 74 creatures vanquished

Notes
Turn   | Place    | Note
-------+----------+-------------------------------------------
     0 | D:1      | Banquo the Djinni Berserker began the quest for the Orb.
     0 | D:1      | Reached XP level 1. HP: 20/20 MP: 0/0
   322 | D:1      | Found a faded altar of an unknown god.
   379 | D:1      | Reached XP level 2. HP: 24/25 MP: 0/0
   592 | D:1      | Reached XP level 3. HP: 25/30 MP: 0/0
   592 | D:1      | Learned a level 1 spell: Magic Dart
   675 | D:1      | Reached skill level 3 in Axes
  1076 | D:2      | Reached ** piety under Trog
  1447 | D:2      | Found Aless's Armour Emporium.
  1527 | D:2      | Reached XP level 4. HP: 35/35 MP: 0/0
  3021 | D:3      | Found a sparkling altar of Nemelex Xobeh.
  3986 | D:4      | Reached XP level 5. HP: 36/40 MP: 0/0
  3986 | D:4      | Learned a level 2 spell: Passwall
  4165 | D:4      | Reached skill level 4 in Axes
  4186 | D:4      | HP: 2/40 [scorpion (2)]
  4188 | D:4      | Slain by a scorpion

Illustrated notes

Levels and vault maps discovered:
D:1:      dpeg_arrival_rooms_b, layout_rooms, ebering_ecumenical_altar_box,
          skrybe_limestone_x
D:2:      layout_basic, serial_shops, shop, serial_forest,
          infiniplex_forest_straight_2, infiniplex_forest_end_2,
          infiniplex_forest_end_2, infiniplex_forest_clump_diagonal,
          wander_ebering_terrifying_dragon_lair
D:3:      layout_basic, amcnicky_altar_gilded, hangedman_abyss_or_decor_stabs
D:4:      layout_cave_pools

Skill      XL: |  1  2  3  4  5 |
---------------+----------------+-----
Axes           | 3 4 |  4.0
Armour         | 3 |  3.3
Fighting       | |  3.3
Dodging        | |  2.6

Action                   |  1- 3 |  4- 6 || total
-------------------------+-------+-------++-------
Melee: Hand axe          |   103 |   162 ||   265
Invok: Berserk           |       |     1 ||     1
       Trog's Hand       |       |     1 ||     1
 Stab: Sleeping          |     1 |       ||     1
Armor: Ring mail         |    27 |       ||    27
       Chain mail        |    12 |   101 ||   113
Dodge: Dodged            |    61 |    55 ||   116
Block: Buckler           |       |    29 ||    29
